 Dungeon Crawl Stone Soup version 0.21-a0-476-gd103f4b (webtiles) character file.

7779 theanonym the Severer (level 11, -12/101 HPs)
             Began as a Hill Orc Fighter on Nov 23, 2017.
             Was an Elder of Beogh.
             Mangled by Snorg (13 damage)
             ... on level 10 of the Dungeon.
             The game lasted 00:17:07 (8970 turns).

theanonym the Severer (Hill Orc Fighter)            Turns: 8970, Time: 00:17:08

Health: -12/101    AC: 19    Str: 32    XL:     11   Next: 20%
Magic:  14/14      EV: 12    Int:  8    God:    Beogh [****..]
Gold:   419        SH: 11    Dex: 15    Spells: 9/10 levels left

rFire    . . .     SeeInvis +   a - +1 war axe
rCold    . . .     Gourm    .   c - +0 shield
rNeg     . . .     Faith    +   o - +0 plate armour
rPois    .         Spirit   .   g - +2 helmet
rElec    .         Reflect  .   w - +0 cloak
rCorr    .         Harm     .   J - +0 pair of gloves
MR       .....                  i - +0 pair of boots
Stlth    ..........             v - amulet of faith {Faith, !P}
HPRegen  0.26/turn              d - +4 ring of strength
MPRegen  0.14/turn              Q - ring of see invisible {sInv}

@: mighty, agile, very slightly contaminated, invisible
A: no striking features
a: Smiting, Recall Orcish Followers, Renounce Religion


   Skills:
 + Level 10.6 Fighting
 - Level 16.0 Axes
 + Level 4.8 Armour
 + Level 2.4 Dodging
 + Level 4.9 Shields
 - Level 5.1 Invocations


You had 9 spell levels left.
You knew the following spells:

 Your Spells              Type           Power        Failure   Level  Hunger
a - Apportation           Tloc           #.....       100%        1    ##.....

Skill      XL: |  1  2  3  4  5  6  7  8  9 10 11 |
---------------+----------------------------------+-----
Axes           | 3 4 5 6 8 9 10 13 14 16 | 16.0
Fighting       | 5 7 9 10 | 10.6
Invocations    | 4 5 |  5.1
Dodging        | 1 2 |  2.4
Armour         | 4 |  4.8
Shields        | 4 |  4.9

Action                   |  1- 3 |  4- 6 |  7- 9 | 10-12 || total
-------------------------+-------+-------+-------+-------++-------
Melee: War axe           |    88 |   133 |   212 |   265 ||   698
Throw: Throwing net      |       |       |     1 |       ||     1
       Javelin           |       |       |     8 |    11 ||    19
Invok: Convert to Beogh  |       |       |     1 |       ||     1
  Use: Potion            |       |     4 |     4 |     4 ||    12
       Scroll            |       |       |     6 |     1 ||     7
 Stab: Invisible         |       |       |       |     2 ||     2
  Eat: Chunk             |     1 |     4 |     8 |     3 ||    16
       Fruit             |       |     2 |       |       ||     2
       Royal jelly       |       |       |     1 |       ||     1
       Meat ration       |       |       |       |     2 ||     2
Armor: Chain mail        |    22 |       |       |       ||    22
       Plate armour      |    36 |    86 |   110 |    98 ||   330
Dodge: Dodged            |    16 |    16 |    17 |    47 ||    96
Block: Shield            |    46 |    63 |    90 |   105 ||   304

Inventory:

Hand Weapons
 a - a +1 war axe (weapon)
 V - a +0 blowgun
   (You found it on level 9 of the Dungeon)
Missiles
 m - 2 throwing nets
 K - a tomahawk of dispersal
 R - 8 tomahawks
 Y - 12 poisoned needles
 Z - 3 poisoned javelins (quivered)
Armour
 c - a +0 shield (worn)
 g - a +2 helmet (worn)
   (You took it off Robin on level 2 of the Dungeon)
 i - a +0 pair of boots (worn)
   (You found it on level 2 of the Dungeon)
 o - a +0 plate armour (worn)
   (You found it on level 1 of the Dungeon)
 w - a +0 cloak (worn)
   (You found it on level 3 of the Dungeon)
 J - a +0 pair of gloves (worn)
   (You found it on level 6 of the Dungeon)
Jewellery
 d - a +4 ring of strength (left hand)
   (You found it on level 5 of the Dungeon)
 v - an amulet of faith (around neck) {Faith, !P}
   (You found it on level 5 of the Dungeon)
 H - an uncursed ring of protection from cold {rC+}
   (You took it off an orc warrior on level 6 of the Dungeon)
 Q - a ring of see invisible (right hand) {sInv}
   (You found it on level 8 of the Dungeon)
Wands
 W - a wand of iceblast (10)
   (You found it on level 9 of the Dungeon)
Scrolls
 e - a scroll of noise {unknown}
 j - a scroll of fog {unknown}
 k - 3 scrolls of enchant weapon
 n - 3 scrolls of remove curse
 t - 7 scrolls of teleportation {!r}
 y - a scroll of vulnerability {unknown}
 A - 5 scrolls of amnesia {unknown}
 E - 3 scrolls of magic mapping {!r}
 G - 2 scrolls of immolation {unknown}
 M - a scroll of random uselessness {unknown}
 O - a scroll of enchant armour {unknown}
Potions
 b - 2 potions of mutation {unknown}
 l - 3 potions of ambrosia
 q - a potion of heal wounds
 x - a potion of berserk rage {unknown}
 z - 2 potions of magic {unknown}
 D - 3 potions of lignification
 F - 2 potions of flight
 I - 2 potions of curing
 L - a potion of resistance
Comestibles
 f - 7 bread rations
 h - 3 meat rations
 s - 9 chunks of flesh
 S - 12 royal jellies
 U - 5 fruits

Dungeon Overview and Level Annotations

Branches:
Dungeon (10/15)            Temple (0/1) D:5            Lair (0/6) D:10
    Orc (0/2) D:9

Altars:
Ashenzari
Cheibriados
Dithmenos
Fedhas
Nemelex Xobeh
Qazlal
Sif Muna
Uskayaw
Wu Jian
The Shining One
Jiyva

Shops:
D:7 *   D:10 (

Annotations:
D:10 Snorg


You were on level 10 of the Dungeon.
You worshipped Beogh.
Beogh was greatly pleased with you.
You were hungry.

You visited 1 branch of the dungeon, and saw 10 of its levels.

You collected 581 gold pieces.
You spent 162 gold pieces at shops.


Message History

The orc stares at you in amazement and kneels.
The orc wizard begins to cast a cantrip, but forgets the words!
Your orc hits the sky beast with a mace.
The sky beast barely misses you.
You barely miss the sky beast.
Snorg rages.
Something bites your orc!
Your orc dies!
Your orc closely misses the sky beast.
You block the sky beast's attack.
You barely miss the sky beast. You slice the sky beast!!
The sky beast hits you but does no damage.
Your orc hits the sky beast with a mace!
The sky beast dies!
Beogh accepts your kill.
Your orc looks more experienced.
You closely miss the hell hound. The hell hound breathes flames at you.
The blast of flame hits you!
* * * LOW HITPOINT WARNING * * *
The blast of flame hits your orc.
Your orc dies!
Your orc barely misses the orc wizard.
Your orc warrior barely misses the hell hound.
You take 5 damage, and have 49/101 hp.
You slash the hell hound! You block the hell hound's attack.
You barely miss the hell hound.
The hell hound bites you but does no damage.
Your orc warrior hits the hell hound with a mace!
The hell hound dies!
Beogh accepts your kill.
Your orc warrior looks more experienced.
You fade into invisibility!
Your orc closely misses the orc priest.
Your orc misses the orc wizard. Your orc misses the hell hound.
The orc wizard gestures at you while chanting.
The magic dart hits the hell hound.
Your orc warrior barely misses Snorg.
You block Snorg's attack. Snorg claws you.
* * * LOW HITPOINT WARNING * * *
Snorg barely misses you.
You are very lightly contaminated with residual magic.
You take 4 damage, and have 46/101 hp.
You slice Snorg!!
Your orc barely misses the orc priest.
Your orc hits the hell hound but does no damage.
Your orc hits the orc wizard with a war axe.
Snorg barely misses you. You block Snorg's attack. Snorg closely misses you.
The orc wizard misses your orc.
You catch the helpless Snorg completely off-guard!
You slash Snorg!
Your orc warrior barely misses Snorg.
The orc priest misses your orc.
Your orc hits the orc priest but does no damage.
Your orc barely misses the orc wizard.
Your orc hits the hell hound with a war axe.
Your orc hits Snorg with a war axe. You block the hell hound's attack.
You block Snorg's attack. Snorg misses you. x2
Things that are here:
a club; a leather armour You closely miss Snorg.
You slash the hell hound! The hell hound breathes flames at you.
The blast of flame hits you!
* * * LOW HITPOINT WARNING * * *
The blast of flame hits your orc warrior.
Snorg bites you!
* * * LOW HITPOINT WARNING * * *
Snorg barely misses you. Snorg closely misses you.
The orc priest mumbles some strange prayers to Beogh against your orc.
Your orc writhes in agony!
Your orc closely misses the orc priest.
Your orc hits the orc wizard but does no damage.
Your orc misses the hell hound. Your orc hits Snorg with a war axe.
You take 19 damage, and have 28/101 hp.
You catch the helpless Snorg completely off-guard!
You hit Snorg. You slash the hell hound!
You kill the hell hound!
Beogh accepts your kill.
Your orc looks more experienced.
Snorg bites you but does no damage. You block Snorg's attack. Snorg claws you!
* * * LOW HITPOINT WARNING * * *
The orc priest hits your orc with a flail.
Your orc dies!
Snorg bites you but does no damage. Snorg claws you but does no damage.
Snorg closely misses you.
The orc priest shouts!
You take 8 damage, and have 20/101 hp.
Unknown command.
You chop Snorg into pieces!!!
Your shield and plate armour prevent you from hitting the orc wizard.
Snorg bites you but does no damage. Snorg completely misses you.
You block Snorg's attack. The orc wizard closely misses you.
You slash Snorg! You slash the orc wizard!
You kill the orc wizard!
Beogh accepts your kill. You block Snorg's attack.
Snorg claws you but does no damage. You block Snorg's attack.
You slash Snorg! Snorg bites you but does no damage. Snorg barely misses you.
Snorg closely misses you.
You slice Snorg!! Snorg bites you!!
* * * LOW HITPOINT WARNING * * *
You block Snorg's attack. Snorg claws you!
You die...

......# #..# ......+
#.. ##.# ......# #..
#.## ......# #... #..#
......# #.... ##.#
........ .....# #.#
.......≈ §§..o.# #.#
§≈≈..)T### #.#
§§≈..!)@o## #)#
§§§§§.##oo# #)# §§§≈§
##)# #.# ≈§§§.####'##
########'##
§§≈........#
#.....†....
...........#
#.....÷.... .
.........###..........
.........#.oo.........
.........#o#o.........


You could see Snorg (berserk), an orc priest, a friendly orc warrior and 2
friendly orcs.

Notes
Turn   | Place    | Note
-------+----------+-------------------------------------------
     0 | D:1      | theanonym the Hill Orc Fighter began the quest for the Orb.
     0 | D:1      | Reached XP level 1. HP: 19/19 MP: 1/1
   176 | D:1      | Reached skill level 3 in Axes
   253 | D:1      | Reached XP level 2. HP: 26/26 MP: 2/2
   314 | D:1      | Reached skill level 4 in Axes
   482 | D:1      | Reached XP level 3. HP: 31/31 MP: 3/3
   986 | D:2      | Reached skill level 5 in Axes
  1030 | D:2      | Found a shattered altar of Ashenzari.
  1043 | D:2      | Reached XP level 4. HP: 29/39 MP: 4/4
  1047 | D:2      | Reached skill level 6 in Axes
  1049 | D:2      | HP: 19/39 [poisoned by a gnoll]
  1054 | D:2      | HP: 14/39 [poisoned by a gnoll]
  1059 | D:2      | HP: 11/39 [poisoned by a gnoll]
  1064 | D:2      | HP: 8/39 [poisoned by a gnoll]
  1069 | D:2      | HP: 7/39 [poisoned by a gnoll]
  1077 | D:2      | HP: 6/39 [poisoned by a gnoll]
  1085 | D:2      | HP: 5/39 [poisoned by a gnoll]
  1373 | D:2      | Noticed Robin
  1385 | D:2      | Killed Robin
  1397 | D:2      | Reached XP level 5. HP: 31/45 MP: 5/5
  1430 | D:2      | Reached skill level 7 in Axes
  2540 | D:3      | Found a runed door.
  2544 | D:3      | Noticed Crazy Yiuf
  2589 | D:3      | Killed Crazy Yiuf
  2616 | D:4      | Noticed Laiders's ghost (weakling FoFi)
  2627 | D:4      | Killed Laiders's ghost
  2627 | D:4      | Reached skill level 8 in Axes
  2627 | D:4      | Reached XP level 6. HP: 39/51 MP: 6/6
  2666 | D:4      | theanonym: !lg * killer=theanonym's_ghost
  2666 | D:4      | beem: 12. noon the Chiller (L4 MfIE), slain by theanonym's ghost on D:3 on 2017-11-22 08:57:55, with 78 points after 2341 turns and 0:22:32.
  2681 | D:4      | Noticed Sigmund
  2724 | D:4      | Killed Sigmund
  2724 | D:4      | Reached skill level 9 in Axes
  2784 | D:4      | Reached XP level 7. HP: 47/57 MP: 7/7
  2799 | D:4      | Noticed a two-headed ogre
  2895 | D:4      | Reached skill level 4 in Fighting
  2895 | D:4      | Reached skill level 10 in Axes
  2940 | D:4      | Noticed Edmund
  2957 | D:4      | HP: 29/59 [poisoned by Edmund]
  2965 | D:4      | HP: 27/59 [poisoned by Edmund]
  2970 | D:4      | Killed Edmund
  2986 | D:4      | HP: 30/60 [poisoned by Edmund]
  2991 | D:4      | HP: 28/60 [poisoned by Edmund]
  2997 | D:4      | HP: 28/60 [poisoned by Edmund]
  3005 | D:4      | HP: 27/60 [poisoned by Edmund]
  3243 | D:4      | Found a sparkling altar of Nemelex Xobeh.
  3373 | D:5      | Entered Level 5 of the Dungeon
  3374 | D:5      | Became a worshipper of Beogh the Brigand
  3456 | D:5      | Found a blossoming altar of Fedhas.
  3485 | D:5      | Reached skill level 5 in Fighting
  3485 | D:5      | Reached XP level 8. HP: 51/68 MP: 8/8
  3596 | D:5      | Reached skill level 11 in Axes
  3841 | D:5      | Found a staircase to the Ecumenical Temple.
  3927 | D:5      | Reached skill level 6 in Fighting
  4135 | D:5      | Found a shadowy altar of Dithmenos.
  4244 | D:5      | Noticed a two-headed ogre
  4252 | D:5      | Killed a two-headed ogre
  4252 | D:5      | Reached * piety under Beogh
  4252 | D:5      | Reached skill level 7 in Fighting
  4252 | D:5      | Reached skill level 13 in Axes
  4252 | D:5      | Reached XP level 9. HP: 41/79 MP: 9/9
  4756 | D:4      | Killed a two-headed ogre
  4756 | D:4      | Reached skill level 8 in Fighting
  4914 | D:6      | Reached skill level 14 in Axes
  5757 | D:7      | Found a hide-covered altar of Uskayaw.
  5768 | D:7      | Found Hitoxt's General Store.
  5778 | D:7      | Bought a potion of might for 48 gold pieces
  5778 | D:7      | Bought a scroll of magic mapping for 42 gold pieces
  5778 | D:7      | Bought 2 potions of lignification for 72 gold pieces
  5803 | D:7      | Reached skill level 9 in Fighting
  5803 | D:7      | Reached XP level 10. HP: 91/91 MP: 10/10
  5805 | D:7      | Reached ** piety under Beogh
  5843 | D:7      | Reached skill level 15 in Axes
  5998 | D:7      | Noticed Dowan
  6006 | D:7      | Noticed Duvessa
  6011 | D:7      | Killed Duvessa
  6015 | D:7      | Killed Dowan
  6056 | D:7      | Found a glowing golden altar of the Shining One.
  6240 | D:7      | Found an ornate altar of the Wu Jian Council.
  6250 | D:7      | Found a stormy altar of Qazlal.
  6367 | D:8      | HP: 42/91 [ogre/giant spiked club (18)]
  6376 | D:8      | HP: 18/91 [gnoll/halberd (6)]
  6666 | D:8      | Noticed Grum
  6672 | D:7      | Reached skill level 1 in Invocations
  6953 | D:8      | Reached skill level 2 in Invocations
  6996 | D:8      | Reached *** piety under Beogh
  7008 | D:8      | Found a viscous altar of Jiyva.
  7269 | D:8      | Killed Grum
  7269 | D:8      | Reached skill level 3 in Invocations
  7468 | D:8      | Found a snail-covered altar of Cheibriados.
  7469 | D:8      | Found a deep blue altar of Sif Muna.
  7852 | D:8      | Reached skill level 10 in Fighting
  7852 | D:8      | Reached skill level 16 in Axes
  8028 | D:9      | Noticed a two-headed ogre
  8034 | D:9      | Killed a two-headed ogre
  8034 | D:9      | Reached skill level 1 in Dodging
  8034 | D:9      | Reached skill level 4 in Invocations
  8289 | D:9      | Noticed a two-headed ogre
  8297 | D:9      | Killed a two-headed ogre
  8297 | D:9      | Reached skill level 4 in Armour
  8297 | D:9      | Reached skill level 4 in Shields
  8297 | D:9      | Reached XP level 11. HP: 51/101 MP: 14/14
  8551 | D:9      | Reached **** piety under Beogh
  8569 | D:9      | Found a staircase to the Orcish Mines.
  8582 | D:9      | Learned a level 1 spell: Apportation
  8758 | D:9      | Reached skill level 2 in Dodging
  8764 | D:10     | Entered Level 10 of the Dungeon
  8779 | D:10     | Found Irghuaq's Weapon Shoppe.
  8866 | D:10     | Reached skill level 5 in Invocations
  8939 | D:10     | Noticed Snorg
  8942 | D:10     | Found a staircase to the Lair.
  8947 | D:10     | HP: 50/101 [Snorg (7)]
  8948 | D:10     | HP: 22/101 [Snorg (8)]
  8958 | D:10     | HP: 49/101 [hell hound/blast of flame (5)]
  8965 | D:10     | HP: 43/101 [hell hound/blast of flame (4)]
  8966 | D:10     | HP: 20/101 [Snorg (8)]
  8970 | D:10     | HP: 1/101 [Snorg (20)]
  8970 | D:10     | Mangled by Snorg

Vanquished Creatures
  4 two-headed ogres
  A gargoyle (D:10)
  Sigmund (D:4)
  A hippogriff (D:10)
  A hungry ghost (D:8)
  Edmund (D:4)
  A hell hound (D:10)
  Duvessa (D:7)
  A water moccasin (D:10)
  3 orc warriors
  An ice beast (D:9)
  9 ogres
  2 wolves (D:7)
  2 centaurs
  A big kobold (D:8)
  7 bullfrogs
  Dowan (D:7)
  5 scorpions
  The ghost of Laiders the Shield-Bearer, a weakling FoFi (D:4)
  A howler monkey (D:5)
  2 electric eels (D:8)
  3 crimson imps
  2 hounds
  5 jellies
  5 orc priests
  A centaur skeleton (D:6)
  Crazy Yiuf (D:3)
  2 bullfrog skeletons
  7 orc wizards
  5 iguanas
  3 worker ants
  A killer bee zombie (D:6)
  Robin (D:2)
  2 worker ant zombies
  12 gnolls
  7 adders
  8 oozes
  An adder skeleton (D:6)
  An adder zombie (D:6)
  A worm (D:2)
  2 dart slugs
  3 leopard geckos
  27 orcs
  2 ball pythons
  5 bats
  5 giant cockroaches
  14 goblins
  9 hobgoblins
  15 jackals
  2 quokkas
  4 frilled lizards
  9 kobolds
  4 rats
  A fungus (D:3)
  A plant (D:8)
218 creatures vanquished.

Vanquished Creatures (collateral kills)
  Grum (D:8)
  A hell hound (D:10)
  A sky beast (D:10)
  A bullfrog (D:8)
  An electric eel (D:8)
  A worker ant (D:8)
  A gnoll (D:8)
  An orc (D:8)
8 creatures vanquished.

Vanquished Creatures (others)
  2 orc priests
  An orc wizard (D:5)
  4 orcs
  5 plants (D:8)
12 creatures vanquished.

Grand Total: 238 creatures vanquished
